 Dungeon Crawl Stone Soup version 0.24-a0-91-g4e4936a (console) character file.

Game seed: 1471290508670133445

1490 Duffy the Conjurer (level 8, -5/62 HPs)
             Began as a Naga Fire Elementalist on Feb 8, 2019.
             Slain by a troll (6 damage)
             ... on level 6 of the Dungeon.
             The game lasted 00:07:42 (4525 turns).

Duffy the Conjurer (Naga Fire Elementalist)         Turns: 4525, Time: 00:07:42

Health: -5/62      AC:  3    Str: 10    XL:     8   Next: 80%
Magic:  0/16       EV: 10    Int: 18    God:
Gold:   248        SH:  0    Dex: 12    Spells: 5/18 levels left

rFire    + + .     SeeInvis +   c - 6 rations
rCold    x x .     Gourm    .   (no shield)
rNeg     . . .     Faith    .   a - +0 robe
rPois    +         Spirit   .   (no helmet)
rElec    .         Reflect  .   (no cloak)
rCorr    .         Harm     .   (no gloves)
MR       +....                  (no barding)
Stlth    ++........             (no amulet)
HPRegen  0.20/turn              h - ring of fire
MPRegen  0.15/turn              r - ring of fire

@: very slow
A: large, see invisible, deformed body, poison resistance, slowness 2, slow
metabolism 1, spit poison 1, AC +2
a: Spit Poison


You were on level 6 of the Dungeon.
You were not hungry.

You visited 1 branch of the dungeon, and saw 7 of its levels.
You also visited: Sewer.

You collected 248 gold pieces.

Inventory:

Armour
 a - a +0 robe (worn)
Jewellery
 h - a ring of fire (left hand)
 r - a ring of fire (right hand)
Wands
 v - a wand of flame (16)
Scrolls
 d - 3 scrolls of teleportation
 e - a scroll of amnesia
 f - a scroll of blinking {unknown}
 g - 2 scrolls of remove curse
 i - a scroll of enchant armour {unknown}
 j - a scroll of immolation {unknown}
 m - 5 scrolls of identify {unknown}
 p - 2 scrolls of fear {unknown}
 u - a scroll of noise {unknown}
Potions
 b - a potion of cancellation {unknown}
 k - a potion of brilliance {unknown}
 l - a potion of magic {unknown}
 n - 4 potions of heal wounds {unknown}
 o - 2 potions of might {unknown}
 q - a potion of curing {unknown}
 s - 2 potions of mutation {unknown}
Comestibles
 c - 6 rations (in hand)
 t - 3 chunks of flesh


   Skills:
 - Level 1.5 Dodging
 - Level 3.0 Stealth
 + Level 5.7 Spellcasting
 + Level 6.6 Conjurations
 + Level 6.5 Fire Magic


You had 5 spell levels left.
You knew the following spells:

 Your Spells              Type           Power        Failure   Level  Hunger
h - Flame Tongue          Conj/Fire      #####        1%          1    None
j - Sticky Flame          Conj/Fire      ######..     9%          4    ####...
k - Fireball              Conj/Fire      ######....   22%         5    #####..
l - Conjure Flame         Conj/Fire      ######..     2%          3    ##.....

Your spell library contained the following spells:

 Spells                   Type           Power        Failure   Level  Hunger
 Throw Flame              Conj/Fire      ######       1%          2    None
 Inner Flame              Hex/Fire       #####...     10%         3    ##.....
 Animate Skeleton         Necr           N/A          12%         1    None
 Apportation              Tloc           #.....       12%         1    None
 Confusing Touch          Hex            #.....       12%         1    None
 Summon Small Mammal      Summ           #...         12%         1    None


Dungeon Overview and Level Annotations

Branches:
Dungeon (7/15)
 Temple: D:4-7

Altars:
Fedhas
Xom

Shops:
D:5 =


Innate Abilities, Weirdness & Mutations

You cannot wear boots.
Your serpentine skin is tough. (AC +2)
You have supernaturally acute eyesight. (SInv)
Armour fits poorly on your strangely shaped body.
Your system is resistant to poisons. (rPois)
You cover ground very slowly.
You have a slow metabolism.
You can spit poison.


Message History

The crimson imp completely misses you. The troll closely misses you.
The troll claws you. The troll claws you!
Cast which spell? (? or * to list)
Aiming: Flame Tongue (safe; 1% risk of failure)
Press: ? - help, Shift-Dir - straight line, f/p - troll
Aim: a troll (heavily wounded)
You feel a strong surge of power!
The flame tongue hits the troll.
The troll is severely wounded.
The crimson imp barely misses you. The troll barely misses you.
The troll misses you. The troll barely misses you.
Cast which spell? (? or * to list)
Aiming: Flame Tongue (safe; 1% risk of failure)
Press: ? - help, Shift-Dir - straight line, f/p - troll
Aim: a troll (severely wounded)
You feel a strong surge of power!
The flame tongue hits the troll but does no damage.
The troll is severely wounded.
The crimson imp closely misses you. The troll bites you!
The troll closely misses you. The troll claws you.
You die...

.. ##.## #### ..
#..# ##...
.#######.# ##....
##.#.....#.###.....
#..#...%.'..##>....
#.#########.##.....
#.#...... #.##.....
#.T...... #.##.....
#@#...!.. #........
#5#########.(###...
#..#.....'(..# ####
##.#..)..#...#
#.#######..##
#..#...#...#
#..##(##...#
#...#'#...##
#.........#


You could see a troll and a crimson imp.

Vanquished Creatures
  A hungry ghost (D:7)
  An ice beast (D:5)
  A sky beast (D:5)
  An ogre (D:4)
  2 centaurs
  2 bullfrogs (D:6)
  2 scorpions
  2 bullfrog zombies
  A hound (D:6)
  A jelly (D:7)
  3 orc priests (D:5)
  3 orc wizards (D:5)
  An iguana (D:5)
  6 worker ants
  A hound zombie (D:6)
  6 river rats
  8 adders
  An ooze (D:1)
  An adder skeleton (D:6)
  5 worms
  A dart slug (D:2)
  2 leopard geckos
  6 orcs
  5 giant cockroaches
  A goblin (D:2)
  2 hobgoblins
  13 jackals
  3 kobolds
  3 quokkas
  2 ball pythons (Sewer)
  2 bats (D:3)
  10 frilled lizards
  6 rats
105 creatures vanquished.

Notes
Turn   | Place    | Note
-------+----------+-------------------------------------------
     0 | D:1      | Duffy the Naga Fire Elementalist began the quest for the
                  | Orb.
     0 | D:1      | Reached XP level 1. HP: 15/15 MP: 3/3
   141 | D:2      | Reached XP level 2. HP: 16/22 MP: 1/5
   673 | D:2      | Reached XP level 3. HP: 25/28 MP: 3/6
   678 | D:2      | Learned a level 3 spell: Conjure Flame
   834 | D:3      | HP: 1/28 [kobold/+0 short sword (4)]
  1402 | D:4      | Reached XP level 4. HP: 27/36 MP: 4/7
  1489 | D:5      | Entered Level 5 of the Dungeon
  1507 | D:5      | Noticed an ice beast
  1684 | D:5      | Reached XP level 5. HP: 41/42 MP: 5/8
  1703 | D:5      | Killed an ice beast
  1720 | D:5      | Reached XP level 6. HP: 48/49 MP: 5/10
  1726 | D:5      | Learned a level 4 spell: Sticky Flame
  1869 | D:5      | Found a glowing drain.
  1883 | D:5      | Reached XP level 7. HP: 10/55 MP: 0/12
  1897 | Sewer    | Entered a sewer
  2709 | D:5      | Reached skill level 5 in Conjurations
  2786 | D:5      | Found a blossoming altar of Fedhas.
  2789 | D:5      | Reached skill level 5 in Fire Magic
  2976 | D:5      | Found Idoening's Jewellery Boutique.
  3410 | D:4      | Reached XP level 8. HP: 62/62 MP: 11/15
  3417 | D:4      | Learned a level 5 spell: Fireball
  3775 | D:7      | Reached skill level 5 in Spellcasting
  3971 | D:7      | Found a shimmering altar of Xom.
  3972 | D:7      | Noticed a deep elf mage
  4506 | D:6      | Noticed a troll
  4525 | D:6      | HP: 1/62 [troll (17)]
  4525 | D:6      | Slain by a troll

Levels and vault maps discovered:
D:1:      grunt_arrival_lava_bath, layout_loops_corners,
          hangedman_abyss_or_decor_lesser_grid
D:2:      layout_basic, lemuel_another_geyser
D:3:      layout_basic
D:4:      layout_basic, kennysheep_cross_bottleneck, serial_park_tiny_1
D:5:      layout_loops_corners, serial_shops, kennysheep_mini, first_ration,
          portal_sewer_entry_b, tgw_fedhas
D:6:      layout_rooms, minmay_divided_ellipse
D:7:      layout_loops_ring, lemuel_coloured_pillars_altar,
          minmay_temple_entry_nine_rooms, david_defended_altar_elf
Sewer:    sewer_co_cracked_pipes

Skill      XL: |  1  2  3  4  5  6  7  8 |
---------------+-------------------------+-----
Conjurations   | 2 3 4 5 6 |  6.6
Spellcasting   | 3 4 5 |  5.7
Fire Magic     | 4 5 6 |  6.5
Dodging        | |  1.5
Stealth        | |  3.0

Action                   |  1- 3 |  4- 6 |  7- 9 || total
-------------------------+-------+-------+-------++-------
 Cast: Flame Tongue      |    49 |    38 |   141 ||   228
 Abil: Spit Poison       |    19 |    10 |    12 ||    41
Evoke: Wand              |       |       |     1 ||     1
  Use: Scroll            |       |       |     3 ||     3
  Eat: Chunk             |     2 |     2 |     6 ||    10
       Ration            |       |       |     1 ||     1
Armor: Robe              |    11 |     9 |    11 ||    31
Dodge: Dodged            |    27 |    33 |    45 ||   105

Table legend:
 A = Non-vault XP
 B = Vault XP
 C = Vault XP percentage of total XP
 D = Non-vault monster count
 E = Vault monster count
 F = Vault count percentage of total count
                 A         B        C        D         E       F
            +---------+---------+-------+---------+---------+-------
      Total |    1628 |     501 |  23.5 |      77 |      28 |  26.7
            +---------+---------+-------+---------+---------+-------
        D:1 |       9 |       0 |   0.0 |       3 |       0 |   0.0
        D:2 |      37 |       0 |   0.0 |      13 |       0 |   0.0
        D:3 |      18 |       0 |   0.0 |      11 |       0 |   0.0
        D:4 |     164 |       0 |   0.0 |       7 |       0 |   0.0
        D:5 |     892 |      34 |   3.7 |      29 |       4 |  12.1
        D:6 |     210 |     362 |  63.3 |      11 |       7 |  38.9
        D:7 |     298 |       0 |   0.0 |       3 |       0 |   0.0
      Sewer |       0 |     105 | 100.0 |       0 |      17 | 100.0
            +---------+---------+-------+---------+---------+-------
